 Dungeon Sprint DCSS version 0.28-a0-1190-g77e1c55843 (webtiles) character file.

Game seed: 13705052754281402845

56 rocky1 the Chopper (level 3, -2/40 HPs)
             Began as a Demonspawn Gladiator on Dec 19, 2021.
             Was a Believer of Qazlal.
             Slain by a gnoll sergeant (9 damage)
             ... in the Dungeon (Sprint VII: "The Pits").
             The game lasted 00:03:09 (568 turns).

rocky1 the Chopper (Demonspawn Gladiator)            Turns: 568, Time: 00:03:10

Health: -2/40      AC: 10    Str: 14    XL:     3   Next: 71%
Magic:  3/3        EV: 10    Int: 11    God:    Qazlal [**....]
Gold:   0          SH:  3    Dex: 14    Spells: 2/2 levels left

rFire   . . .      SeeInvis .   n - +1 hand axe (freeze)
rCold   . . .      Faith    .   (no shield)
rNeg    . . .      Spirit   .   a - +3 scale mail
rPois   .          Reflect  .   c - +0 helmet
rElec   .          Harm     .   (no cloak)
rCorr   .          Rampage  .   (no gloves)
Will    .....      NoTele   +   (no boots)
Stlth   ..........              (no amulet)
HPRegen 0.13/turn               (no ring)
MPRegen 0.16/turn               (no ring)

@: berserking (expiring), very quick
A: magic regeneration
a: Renounce Religion, Upheaval


You were in the Dungeon.
You worshipped Qazlal.
Qazlal was pleased with you.
You visited 1 branch

Inventory:

Hand Weapons
 n - a +1 hand axe of freezing (weapon)
Missiles
 d - 3 throwing nets (quivered)
Armour
 a - a +3 scale mail (worn)
 b - a +0 leather armour
 c - a +0 helmet (worn)
Scrolls
 j - a scroll of blinking
 l - 5 scrolls of amnesia
 m - a scroll of summoning
Potions
 e - 6 potions of curing
 f - 5 potions of heal wounds
 g - a potion of haste
 h - 4 potions of magic
 i - 2 potions of berserk rage
 k - 2 potions of invisibility


   Skills:
 - Level 2.0 Fighting
 + Level 7.3 Axes
 - Level 1.7 Throwing
 - Level 2.6 Dodging


You had 2 spell levels left.
You didn't know any spells.
Your spell library was empty.

Dungeon Overview and Level Annotations

Branches:
Dungeon (1/1)

Altars:
Ashenzari
Cheibriados
Dithmenos
Elyvilon
Fedhas
Gozag
Hepliaklqana
Kikubaaqudgha
Makhleb
Nemelex Xobeh
Okawaru
Qazlal
Ru
Sif Muna
Trog
Uskayaw
Vehumet
Wu Jian
Xom
Yredelemnul
Zin
The Shining One
Beogh
Jiyva
Lugonu


Innate Abilities, Weirdness & Mutations

You regenerate magic rapidly.


Message History

Press ? for a list of commands and other information.
You feel much better.
A gnoll comes into view. It is wielding a +0 flail.
The orc hits you but does no damage.
Unknown command.
A red film seems to cover your vision as you go berserk!
You feel yourself moving faster!
You feel mighty!
The gnoll sergeant hits you from afar with a +0 trident of protection.
The orc hits you but does no damage.
You hit the orc but do no damage.
The orc is heavily wounded.
The gnoll sergeant hits you from afar with a +0 trident of protection.
You barely miss the orc.
The orc is heavily wounded.
The orc priest mumbles some strange prayers to Beogh against you.
Beogh smites you! The orc hits you with a +0 hand axe.
You slash the orc! You freeze the orc.
You kill the orc!
Qazlal accepts your kill.
The gnoll sergeant hits you from afar with a +0 trident of protection.
The gnoll sergeant hits you with a +0 trident of protection.
Things that are here:
a +0 hand axe; a +0 leather armour You barely miss the gnoll sergeant.
You hit the gnoll sergeant. You freeze the gnoll sergeant.
The gnoll sergeant is lightly wounded.
The gnoll sergeant hits you with a +0 trident of protection.
You hit the gnoll sergeant. You freeze the gnoll sergeant.
The gnoll sergeant is moderately wounded.
The white imp laughs crazily.
You closely miss the gnoll sergeant.
The gnoll sergeant is moderately wounded.
An orc comes into view. It is wielding a +0 hand axe.
The gnoll sergeant hits you with a +0 trident of protection!
* * * LOW HITPOINT WARNING * * *
You slash the gnoll sergeant! You freeze the gnoll sergeant.
The gnoll sergeant is severely wounded.
The orc priest looks satisfied for a moment.
The gnoll sergeant hits you with a +0 trident of protection!
You die...

##########.##.....
#...........'.....
#'#####'#####.....
#.#...#.#.[##.....
#.#...#.#))#####'#
#.#...'.#))##.....
#.##)####))##.....
#.#.....#..##.....
#@#.....#'###...<.
#g#........##.....
#o#........##.....
#o###########.....
#5o ###### #gl#
#g##


#oo #.# You could see a gnoll sergeant, an orc priest, an orc wizard, 2 gnolls,
a white imp, 3 orcs and a frilled lizard.

Vanquished Creatures
  A crimson imp (D)
  A river rat (D)
  2 orcs (D)
  A bat zombie (D)
  An endoplasm (D)
  2 jackals (D)
  2 frilled lizards (D)
  A rat (D)
11 creatures vanquished.

Notes
Turn   | Place    | Note
-------+----------+-------------------------------------------
     0 | D        | rocky1 the Demonspawn Gladiator began the quest for the
                  | Orb.
     0 | D        | Reached XP level 1. HP: 16/16 MP: 1/1
    17 | D        | Reached skill level 3 in Axes
    21 | D        | Found a bloodstained altar of Trog.
    21 | D        | Found a shimmering blue altar of Sif Muna.
    21 | D        | Found a viscous altar of Jiyva.
    21 | D        | Found a hazy altar of Hepliaklqana.
    21 | D        | Found an opulent altar of Gozag.
    22 | D        | Found a basalt altar of Yredelemnul.
    22 | D        | Found a shimmering altar of Xom.
    22 | D        | Found an ornate altar of the Wu Jian Council.
    22 | D        | Found a sacrificial altar of Ru.
    22 | D        | Found a stormy altar of Qazlal.
    22 | D        | Found an iron altar of Okawaru.
    22 | D        | Found a sparkling altar of Nemelex Xobeh.
    22 | D        | Found a burning altar of Makhleb.
    22 | D        | Found a blossoming altar of Fedhas.
    22 | D        | Found a shadowy altar of Dithmenos.
    22 | D        | Found a snail-covered altar of Cheibriados.
    24 | D        | Found a radiant altar of Vehumet.
    24 | D        | Found a corrupted altar of Lugonu.
    25 | D        | Found a hide-covered altar of Uskayaw.
    25 | D        | Found an ancient bone altar of Kikubaaqudgha.
    25 | D        | Found a broken altar of Ashenzari.
    31 | D        | Became a worshipper of Qazlal Stormbringer
    81 | D        | Reached skill level 4 in Axes
    81 | D        | Gained mutation: You regenerate magic rapidly. [demonic
                  | ancestry]
    81 | D        | Reached XP level 2. HP: 5/22 MP: 2/2
   415 | D        | Reached * piety under Qazlal
   416 | D        | Reached skill level 5 in Axes
   454 | D        | Noticed a crimson imp
   465 | D        | Reached ** piety under Qazlal
   469 | D        | Killed a crimson imp
   470 | D        | Reached skill level 7 in Axes
   470 | D        | Reached XP level 3. HP: 22/27 MP: 3/3
   551 | D        | Noticed a gnoll sergeant
   568 | D        | Slain by a gnoll sergeant

Illustrated notes

Levels and vault maps discovered:
D:        pitsprint [storerooms_1, entrance_room_1, metal_vault_4, armoury_2,
          mini_pit_1, grid_room_1, main_hall_1, silver_pit, the_coven_3,
          the_vestibule_1, steel_vault_2, golden_pit, hallway_of_sentries,
          crystal_vault_1, iron_vault_5, final_vault]

Skill      XL: |  1  2 |
---------------+-------+-----
Axes           | 4 7 |  7.3
Fighting       | |  2.0
Throwing       | |  1.7
Dodging        | |  2.6

Action                   || total
-------------------------++-------
Melee: War axe           ||    34
       Hand axe          ||    11
  Use: Potion            ||     2
Armor: Leather armour    ||    13
       Scale mail        ||     4
Dodge: Dodged            ||    26
Block: Other             ||     2

Table legend: (Time is in decaauts)
 A = Elapsed time spent in this place.
 B = Non-inter-level travel time spent in this place.
 C = Inter-level travel time spent in this place.
 D = Time resting spent in this place.
 E = Time spent auto-exploring this place.
 F = Levels seen in this place.
 G = Mean time per level.
                   A        B        C        D        E       F      G
               +--------+--------+--------+--------+--------+-----+--------+
         Total |    573 |    573 |      0 |    364 |      0 |   1 |  573.0 |
       Dungeon |    573 |    573 |      0 |    364 |      0 |   1 |  573.0 |
               +--------+--------+--------+--------+--------+-----+--------+

Top non-repeatable levels by time:
       D: 573 daAuts
